 Dungeon Crawl Stone Soup version 0.24-a0-507-g3e8b242632 (webtiles) character file.

Game seed: 6324196323073641448

29080 Peloso the Carver (level 13, -10/115 HPs)
             Began as a Minotaur Fighter on July 19, 2019.
             Was a High Priest of Okawaru.
             Mangled by a komodo dragon (13 damage)
             ... on level 2 of the Lair of Beasts.
             The game lasted 00:42:38 (16584 turns).

Peloso the Carver (Minotaur Fighter)               Turns: 16584, Time: 00:42:39

Health: -10/115    AC: 19    Str: 23    XL:     13   Next: 13%
Magic:  13/13      EV: 10    Int:  9    God:    Okawaru [*****.]
Gold:   1081       SH: 14    Dex: 18    Spells: 12/12 levels left

rFire    . . .     SeeInvis .   a - +2 falchion (slice)
rCold    + . .     Gourm    +   c - +0 shield
rNeg     + . .     Faith    .   V - +0 plate armour
rPois    .         Spirit   .   (helmet restricted)
rElec    .         Reflect  .   K - scarf {cloud immunity}
rCorr    .         Harm     .   y - +2 pair of gloves of the Accordion {rN+ Stlth+}
MR       .....                  (no boots)
Stlth    ..........             F - amulet of the gourmand
HPRegen  0.29/turn              p - +3 ring of dexterity
MPRegen  0.13/turn              u - ring of the Several Deaths {rC+ Int+4 Dex+2 Slay+2 Stlth+}

@: no status effects
A: retaliatory headbutt, horns 2
a: Heroism, Finesse, Renounce Religion


You were on level 2 of the Lair of Beasts.
You worshipped Okawaru.
Okawaru was extremely pleased with you.
You were very full.

You visited 3 branches of the dungeon, and saw 16 of its levels.
You also visited: Ossuary.

You collected 1081 gold pieces.

Inventory:

Hand Weapons
 a - a +2 falchion of slicing (weapon)
 B - a +2 trident of flaming
Armour
 b - a +0 scale mail
 c - a +0 shield (worn)
 m - a +0 chain mail
 y - the +2 pair of gloves of the Accordion (worn) {rN+ Stlth+}
   (You found it on level 13 of the Dungeon)

   It protects you from negative energy.
   It makes you more stealthy.
 K - a scarf of cloud immunity (worn)
 V - a +0 plate armour (worn)
Jewellery
 e - an uncursed ring of protection from cold
 k - an uncursed ring of fire
 p - a +3 ring of dexterity (left hand)
 q - an uncursed ring of protection from cold
 s - an uncursed ring of protection from fire
 u - the ring of the Several Deaths (right hand) {rC+ Int+4 Dex+2 Slay+2 Stlth+}
   (You found it on level 4 of the Dungeon)

   [ring of dexterity]

   It affects your intelligence (+4).
   It affects your dexterity (+2).
   It affects your accuracy and damage with ranged weapons and melee attacks
   (+2).
   It protects you from cold.
   It makes you more stealthy.
 F - an amulet of the gourmand (around neck)
 G - an uncursed ring of resist corrosion
 Q - an uncursed ring of wizardry {unknown}
 S - an uncursed ring of ice
Wands
 C - a wand of polymorph (5)
 I - a wand of paralysis (7)
 J - a wand of enslavement (7)
 U - a wand of clouds (6)
 X - a wand of iceblast (6)
Scrolls
 g - 8 scrolls of teleportation
 h - 2 scrolls of magic mapping {unknown}
 i - 2 scrolls of immolation
 j - 3 scrolls of fear
 n - 7 scrolls of remove curse
 t - 4 scrolls of blinking {unknown}
 x - 3 scrolls of identify
 E - 3 scrolls of amnesia {unknown}
 H - 2 scrolls of acquirement {unknown}
 L - 2 scrolls of fog {unknown}
 M - 6 scrolls of enchant armour {unknown}
 O - a scroll of vulnerability {unknown}
 P - a scroll of holy word {unknown}
 Y - a scroll of enchant weapon {unknown}
Potions
 d - 2 potions of might
 l - 2 potions of heal wounds
 o - 6 potions of haste
 r - 3 potions of resistance
 v - a potion of brilliance
 w - a potion of berserk rage
 z - 4 potions of flight
 A - 2 potions of agility
 D - 2 potions of curing
 N - 2 potions of ambrosia
Comestibles
 f - 29 rations


   Skills:
 + Level 10.9 Fighting
 + Level 14.7 Long Blades
 + Level 13.4 Armour
 + Level 4.4 Dodging
 + Level 2.1 Stealth
 + Level 13.1 Shields
 + Level 1.8 Invocations


You had 12 spell levels left.
You didn't know any spells.
Your spell library contained the following spells:

 Spells                   Type           Power        Failure   Level  Hunger
 Animate Skeleton         Necr           N/A          99%         1    ##.....
 Pain                     Necr           #...         99%         1    ##.....
 Regeneration             Chrm/Necr      #.........   100%        3    ####...
 Vampiric Draining        Necr           #.........   100%        3    ####...
 Animate Dead             Necr           N/A          100%        4    #####..


Dungeon Overview and Level Annotations

Branches:
Dungeon (13/15)            Temple (1/1) D:5            Lair (2/6) D:10
    Orc (0/2) D:10         Vaults (0/5) D:13
  Swamp: Lair:2-4    Shoals: Lair:2-4     Snake: Lair:2-4    Spider: Lair:2-4

Altars:
Ashenzari
Cheibriados
Dithmenos
Elyvilon
Fedhas
Gozag
Hepliaklqana
Kikubaaqudgha
Makhleb
Nemelex Xobeh
Okawaru
Qazlal
Ru
Sif Muna
Trog
Uskayaw
Vehumet
Wu Jian
Xom
Yredelemnul
Zin
The Shining One

Annotations:
D:10 1 runed translucent door, Renjy's ghost, novice DsSk
D:11 3 runed translucent doors, stripedtigrrr's ghost, journeyman MiBe


Innate Abilities, Weirdness & Mutations

You reflexively headbutt those who attack you in melee.
You have a pair of horns on your head.


Message History

The komodo dragon is moderately wounded.
You hit the komodo dragon.
The komodo dragon is moderately wounded.
You block the komodo dragon's attack.
You hit the komodo dragon. Your headbutt misses the komodo dragon.
The komodo dragon is heavily wounded.
You hit the komodo dragon.
You headbutt the komodo dragon, but do no damage.
The komodo dragon is severely wounded.
The komodo dragon bites you!!
* * * LOW HITPOINT WARNING * * *
You hit the komodo dragon but do no damage.
The komodo dragon is severely wounded.
You block the komodo dragon's attack.
You hit the komodo dragon.
The komodo dragon is almost dead.
You hit the komodo dragon. Your headbutt misses the komodo dragon.
The komodo dragon is almost dead.
The komodo dragon bites you!
You die...

... ......[#...#
##.##...##...#.#
#.......##.....#
#.#..P.##...#.#
......#......#
#......#...##
#...#..#....#
#..........#
#..#..#.@...#
#.......#.Pl..#
#......##...#.#
#.#....##.#...##
##.#P....#...P.P#
#..............##
...#.....#......#
#...........#.##
##.##...P#.P...##


You could see a komodo dragon.

Vanquished Creatures
  Snorg (D:13)
  Fannar (D:10)
  Josephine (D:11)
  Harold (D:9)
  A hydra (Lair:1)
  A vault guard (D:13)
  2 two-headed ogres
  Urug (D:12)
  An unseen horror (D:13)
  An orc knight (D:11)
  An ugly thing (D:9)
  2 deep elf magi
  A cyclops (D:13)
  4 spiny frogs
  4 komodo dragons
  3 trolls
  Grinder (D:4)
  12 slime creatures
  2 hippogriffs (D:11)
  5 yaks (Lair:2)
  2 wyverns
  5 wraiths
  10 humans (D:13)
  A basilisk (Lair:1)
  3 hungry ghosts
  A soldier ant (D:13)
  An acid dragon (D:11)
  A water moccasin (Lair:1)
  7 porcupines
  10 orc warriors
  5 ice beasts
  3 black bears (D:10)
  3 sky beasts
  2 necrophages (D:9)
  9 ogres
  8 wolves
  8 centaurs
  6 crocodiles
  A big kobold (D:12)
  12 bullfrogs
  A gnoll sergeant (D:8)
  5 water moccasin zombies (Ossuary)
  A wyvern skeleton (D:13)
  5 scorpions
  14 killer bees
  10 wights
  A howler monkey (D:2)
  5 crimson imps
  5 centaur zombies
  2 quasits
  3 hounds
  6 jellies
  2 bullfrog zombies
  A bullfrog skeleton (D:13)
  7 orc priests
  2 centaur skeletons
  16 orc wizards
  3 iguanas
  Natasha (thrice) (D:4)
  9 worker ants
  2 killer bee zombies
  3 big kobold zombies (Ossuary)
  2 mummies (Ossuary)
  2 howler monkey zombies
  4 gnolls (D:8)
  7 adders
  A river rat (D:3)
  6 shadow imps
  6 oozes
  6 adder zombies
  3 adder skeletons
  2 worms
  4 dart slugs
  6 leopard geckos
  68 orcs
  10 bats
  6 giant cockroaches
  14 goblins
  7 hobgoblins
  9 jackals
  A quokka (D:3)
  2 ball pythons (D:3)
  4 frilled lizards
  3 gnoll zombies (Ossuary)
  A hobgoblin zombie (Ossuary)
  A jackal zombie (D:8)
  11 kobolds
  9 kobold zombies (Ossuary)
  A leopard gecko zombie (D:6)
  5 orc zombies (Ossuary)
  6 rats
  A rat zombie (D:8)
458 creatures vanquished.

Vanquished Creatures (others)
  A vault guard (D:13)
  4 fungi
  4 plants
9 creatures vanquished.

Grand Total: 467 creatures vanquished

Notes
Turn   | Place    | Note
-------+----------+-------------------------------------------
     0 | D:1      | Peloso the Minotaur Fighter began the quest for the Orb.
     0 | D:1      | Reached XP level 1. HP: 19/19 MP: 0/0
    42 | D:1      | Reached XP level 2. HP: 23/27 MP: 1/1
   348 | D:1      | Reached XP level 3. HP: 33/33 MP: 2/2
   773 | D:2      | Reached skill level 3 in Long Blades
   858 | D:2      | Reached XP level 4. HP: 24/40 MP: 3/3
  1397 | D:3      | Reached skill level 4 in Long Blades
  1425 | D:3      | Found a hazy altar of Hepliaklqana.
  1425 | D:3      | Found a hide-covered altar of Uskayaw.
  1925 | D:3      | Reached XP level 5. HP: 47/47 MP: 4/4
  2411 | D:4      | Got a wavering silver ring
  2459 | D:4      | Found a basalt altar of Yredelemnul.
  2459 | D:4      | Found a snail-covered altar of Cheibriados.
  2465 | D:4      | Reached skill level 5 in Shields
  2467 | D:4      | Reached skill level 5 in Long Blades
  2467 | D:4      | Reached XP level 6. HP: 27/53 MP: 5/5
  2474 | D:4      | Found a bloodstained altar of Trog.
  2478 | D:4      | Reached skill level 5 in Armour
  2896 | D:4      | Noticed Natasha
  2904 | D:4      | Killed Natasha
  2984 | D:4      | Noticed Natasha
  2992 | D:4      | Killed Natasha
  3234 | D:4      | Got a translucent hand axe
  3235 | D:4      | Identified the +5 hand axe "Veink" {chop, Str+4} (You found
                  | it on level 4 of the Dungeon)
  3294 | D:4      | Noticed Grinder
  3301 | D:4      | Reached skill level 5 in Fighting
  3301 | D:4      | Paralysed by Grinder for 2 turns
  3315 | D:4      | Killed Grinder
  3315 | D:4      | Reached skill level 6 in Long Blades
  3315 | D:4      | Reached XP level 7. HP: 47/61 MP: 6/6
  3368 | D:4      | Noticed Natasha
  3377 | D:4      | Killed Natasha
  3389 | D:5      | Entered Level 5 of the Dungeon
  3695 | D:5      | Reached skill level 7 in Long Blades
  3696 | D:5      | Found a staircase to the Ecumenical Temple.
  3705 | Temple   | Entered the Ecumenical Temple
  3898 | Temple   | Became a worshipper of Warmaster Okawaru
  4006 | D:5      | Identified the ring of the Several Deaths {rC+ Int+4 Dex+2
                  | Slay+2 Stlth+} (You found it on level 4 of the Dungeon)
  4026 | D:5      | Reached XP level 8. HP: 65/68 MP: 7/7
  4546 | D:6      | Reached skill level 8 in Long Blades
  4546 | D:6      | Reached skill level 1 in Dodging
  4594 | D:6      | Reached * piety under Okawaru
  4836 | D:6      | Reached skill level 9 in Long Blades
  4856 | D:6      | Reached ** piety under Okawaru
  4890 | D:6      | Reached XP level 9. HP: 75/75 MP: 8/8
  5337 | D:7      | Found an ancient bone altar of Kikubaaqudgha.
  5719 | D:8      | Reached skill level 10 in Long Blades
  5962 | D:8      | Reached *** piety under Okawaru
  6130 | D:8      | Found a sand-covered staircase.
  6141 | Ossuary  | Entered an ossuary
  6512 | D:9      | Reached skill level 11 in Long Blades
  6709 | D:9      | Noticed a green ugly thing
  6722 | D:9      | Killed a green ugly thing
  6722 | D:9      | Reached **** piety under Okawaru
  6722 | D:9      | Reached XP level 10. HP: 78/86 MP: 5/9
  7318 | D:9      | Noticed Harold
  7339 | D:9      | Killed Harold
  7339 | D:9      | Reached skill level 12 in Long Blades
  7359 | D:9      | Noticed a two-headed ogre
  7369 | D:9      | Killed a two-headed ogre
  7369 | D:9      | Reached ***** piety under Okawaru
  7369 | D:9      | Reached skill level 10 in Armour
  7445 | D:9      | Received a gift from Okawaru
  7792 | D:9      | Found a burning altar of Makhleb.
  7803 | D:9      | Found a glowing golden altar of the Shining One.
  7843 | D:10     | Entered Level 10 of the Dungeon
  7859 | D:10     | Found a runed translucent door.
  7861 | D:10     | Noticed Renjy's ghost (novice DsSk)
  7861 | D:10     | Noticed an orc warlord
  7915 | D:10     | Found a staircase to the Orcish Mines.
  7945 | D:10     | Found a bloodstained altar of Trog.
  8040 | D:10     | Reached XP level 11. HP: 50/94 MP: 10/10
  8404 | D:10     | Found a staircase to the Lair.
  8446 | D:10     | Reached skill level 13 in Long Blades
  8476 | D:10     | Noticed Fannar
  8541 | D:10     | Killed Fannar
  8541 | D:10     | Received a gift from Okawaru
  8541 | D:10     | Reached skill level 10 in Shields
  8541 | D:10     | Reached skill level 1 in Invocations
  9160 | D:10     | Identified the +9 rapier of Byloa {drain, rPois}
  9695 | D:11     | Noticed Josephine
  9709 | D:11     | Killed Josephine
  9709 | D:11     | Reached skill level 1 in Stealth
  9832 | D:11     | Noticed a minotaur
  9832 | D:11     | Noticed stripedtigrrr's ghost (journeyman MiBe)
  9854 | D:11     | Found a runed translucent gate.
  9854 | D:11     | Found a runed translucent gate.
  9854 | D:11     | Found a runed translucent gate.
 10280 | Lair:1   | Entered Level 1 of the Lair of Beasts
 10614 | Lair:1   | Noticed a five-headed hydra
 10624 | Lair:1   | Killed an 11-headed hydra
 11171 | Lair:2   | Found a shattered altar of Ashenzari.
 11177 | Lair:2   | Noticed an eight-headed hydra
 11279 | D:11     | Received a gift from Okawaru
 11568 | D:12     | Noticed an orc knight
 11592 | D:11     | Reached skill level 14 in Long Blades
 11914 | D:11     | Reached XP level 12. HP: 64/104 MP: 11/11
 12745 | D:12     | Noticed Urug
 12760 | D:12     | Killed Urug
 12760 | D:12     | Received a gift from Okawaru
 14799 | D:13     | Killed a vault guard
 14904 | D:13     | Reached skill level 10 in Fighting
 14923 | D:13     | Noticed a vault guard
 14940 | D:13     | Killed a vault guard
 14940 | D:13     | Received a gift from Okawaru
 14963 | D:13     | Found a gate to the Vaults.
 15089 | D:13     | Reached ****** piety under Okawaru
 15112 | D:13     | Got a pair of smoking gloves
 15118 | D:13     | Identified the +2 pair of gloves of the Accordion {rN+
                  | Stlth+} (You found it on level 13 of the Dungeon)
 15165 | D:13     | Noticed Snorg
 15176 | D:13     | Killed Snorg
 15598 | D:13     | Noticed a two-headed ogre
 15610 | D:13     | Killed a two-headed ogre
 15611 | D:13     | Found a white marble altar of Elyvilon.
 15942 | Lair:2   | Reached XP level 13. HP: 32/114 MP: 13/13
 15961 | Lair:2   | Received a gift from Okawaru
 16581 | Lair:2   | HP: 2/115 [komodo dragon (22)]
 16584 | Lair:2   | Mangled by a komodo dragon

Levels and vault maps discovered:
D:1:      dpeg_arrival_tiny_g, layout_basic, minmay_heptomino_h4
D:2:      layout_loops_ring
D:3:      layout_basic, grunt_temple_overflow_open, first_ration,
          gup_sewer_entry_spiral
D:4:      layout_gridville, gammafunk_temple_overflow_forgotten, uniq_grinder,
          uniq_natasha
D:5:      layout_basic, minmay_temple_entry_junction_2,
          minmay_misc_feat_diagonals
D:6:      layout_cave_pools, kennysheep_generic_room_8
D:7:      layout_basic, nicolae_overflow_hidden_temple, grunt_ministairs_9
D:8:      layout_basic, enter_ossuary_3, hangedman_little_slice_of_home
D:9:      layout_stronghold, amethyst_overflow_temple_binary, serial_undead,
          serial_undead_d, serial_undead_c, serial_undead_d, serial_undead_e,
          serial_undead_c, minmay_joined_circles, uniq_harold
D:10:     layout_irregular_city, minmay_lair_entry_grove, orc_0_dummy,
          ebering_ghost_inner_flame, trog_book, uniq_fannar
D:11:     layout_loops_ring, maelrawn_ghost_gauntlet_escape, uniq_josephine
D:12:     layout_cave_pools, special_room [special_room_orc], uniq_urug
D:13:     layout_roguey, ximxim_vaults_locker_room, basic_altar, uniq_snorg
Temple:   dpeg_chambers_temple
Lair:1:   layout_cave_pods, chequers_serial_rivers_micro_d
Lair:2:   layout_long_grid, basic_altar, beast_lair_carwin_8

Skill      XL: |  1  2  3  4  5  6  7  8  9 10 11 12 13 |
---------------+----------------------------------------+-----
Shields        | 4 5 6 7 8 9 11 12 13 | 13.1
Fighting       | 4 5 6 7 8 9 10 | 10.9
Armour         | 4 5 7 8 9 10 11 13 | 13.4
Long Blades    | 3 4 5 6 7 9 11 12 14 | 14.7
Dodging        | 1 2 3 4 |  4.4
Invocations    | 1 |  1.8
Stealth        | 1 2 |  2.1

Action                   |  1- 3 |  4- 6 |  7- 9 | 10-12 | 13-15 || total
-------------------------+-------+-------+-------+-------+-------++-------
Melee: Long sword        |    84 |   205 |   423 |    27 |       ||   739
       Headbutt          |    12 |    33 |   108 |   294 |    29 ||   476
       Falchion          |       |       |       |   845 |    67 ||   912
Invok: Heroism           |       |       |     2 |    13 |       ||    15
  Use: Potion            |       |       |     3 |     4 |     1 ||     8
       Scroll            |       |       |       |    19 |       ||    19
  Eat: Chunk             |       |     8 |    11 |    51 |       ||    70
       Ration            |       |       |     1 |       |       ||     1
Armor: Scale mail        |    33 |       |       |       |       ||    33
       Chain mail        |    26 |   100 |   160 |    82 |       ||   368
       Plate armour      |       |       |       |   161 |    14 ||   175
Dodge: Dodged            |    27 |    48 |    91 |   193 |    15 ||   374
Block: Shield            |    54 |   115 |   222 |   456 |    33 ||   880
       Rpst.: Long sword |     9 |    12 |    25 |     2 |       ||    48
       Falchion          |       |       |       |    55 |     5 ||    60

Table legend:
 A = Non-vault XP
 B = Vault XP
 C = Vault XP percentage of total XP
 D = Non-vault monster count
 E = Vault monster count
 F = Vault count percentage of total count
                 A         B        C        D         E       F
            +---------+---------+-------+---------+---------+-------
      Total |   26292 |   15251 |  36.7 |     331 |     127 |  27.7
            +---------+---------+-------+---------+---------+-------
        D:1 |      49 |       4 |   7.5 |      27 |       3 |  10.0
        D:2 |      96 |       0 |   0.0 |      13 |       0 |   0.0
        D:3 |      58 |      29 |  33.3 |      28 |       4 |  12.5
        D:4 |     476 |     319 |  40.1 |      22 |       2 |   8.3
        D:5 |     504 |       0 |   0.0 |      17 |       0 |   0.0
        D:6 |    1249 |      67 |   5.1 |      26 |       1 |   3.7
        D:7 |     370 |       6 |   1.6 |      16 |       2 |  11.1
        D:8 |     982 |     165 |  14.4 |      21 |      10 |  32.3
        D:9 |    2720 |    2196 |  44.7 |      23 |      17 |  42.5
       D:10 |    1733 |    2318 |  57.2 |      26 |      12 |  31.6
       D:11 |    5311 |    2976 |  35.9 |      40 |      12 |  23.1
       D:12 |    2623 |    1156 |  30.6 |      22 |      14 |  38.9
       D:13 |    4574 |    4067 |  47.1 |      28 |      12 |  30.0
     Lair:1 |    2540 |       0 |   0.0 |       7 |       0 |   0.0
     Lair:2 |    3007 |    1406 |  31.9 |      15 |       7 |  31.8
    Ossuary |       0 |     542 | 100.0 |       0 |      31 | 100.0
            +---------+---------+-------+---------+---------+-------
